 Dungeon Crawl Stone Soup version 0.29.1-2-gbd0b4ee654 (webtiles) character file.

Game seed: 7714111617225653164

55 p00ps00p the Trooper (level 3, -2/33 HPs)
             Began as a Hill Orc Fighter on Oct 28, 2022.
             Slain by a goblin
             ... wielding a +0 dagger
             ... led by Robin
              (5 damage)
             ... on level 2 of the Dungeon.
             The game lasted 00:03:23 (1389 turns).

p00ps00p the Trooper (Hill Orc Fighter)             Turns: 1389, Time: 00:03:23

Health: -2/33      AC:  8    Str: 20    XL:     3   Next: 93%
Magic:  3/3        EV:  9    Int:  8    God:
Gold:   71         SH:  4    Dex: 10    Spells: 2/2 levels left

rFire   . . .      SeeInvis .   a - +0 war axe
rCold   . . .      Faith    .   c - +0 buckler
rNeg    . . .      Spirit   .   b - +0 scale mail
rPois   .          Reflect  .   (no helmet)
rElec   .          Harm     .   (no cloak)
rCorr   .          Rampage  .   (no gloves)
Will    .....                   i - +0 pair of boots
Stlth   ..........              (no amulet)
HPRegen 0.11/turn               (no ring)
MPRegen 0.08/turn               (no ring)

@: mighty
A: no striking features
a: no special abilities


You were on level 2 of the Dungeon.
You visited 1 branch of the dungeon, and saw 2 of its levels.

You collected 71 gold pieces.

Inventory:

Hand Weapons
 a - a +0 war axe (weapon)
Armour
 b - a +0 scale mail (worn)
 c - a +0 buckler (worn)
 i - a +0 pair of boots (worn)
Jewellery
 f - a ring of flight
 h - a ring of resist corrosion
Scrolls
 e - 2 scrolls of fear {unknown}
 g - a scroll of identify {unknown}
 j - a scroll of enchant armour {unknown}
 k - a scroll of butterflies {unknown}
Potions
 d - a potion of might


   Skills:
 + Level 4.2 Fighting
 + Level 3.5 Axes
 + Level 3.8 Armour
 + Level 3.9 Shields


You had 2 spell levels left.
You didn't know any spells.
Your spell library contained the following spells:

 Spells                   Type           Power      Damage    Failure   Level
 Apportation              Tloc           0%         N/A       85%         1
 Alistair's Intoxication  Tmut/Pois      0%         N/A       100%        5


Dungeon Overview and Level Annotations

Branches:
Dungeon (2/15)

Altars:

Shops:
D:1 *

Annotations:
D:2 Robin


Message History

* * * LOW HITPOINT WARNING * * *
You hit the adder.
You kill the adder!
You closely miss the hobgoblin.
The hobgoblin is severely wounded.
You block the hobgoblin's attack.
You feel very mighty all of a sudden.
The hobgoblin hits you but does no damage.
You closely miss the hobgoblin.
The hobgoblin is severely wounded.
The hobgoblin closely misses you. Robin throws the goblin at you!
The hobgoblin hits you but does no damage.
The goblin barely misses you.
You completely miss the hobgoblin.
The hobgoblin is heavily wounded.
You closely miss the goblin. The hobgoblin closely misses you.
The goblin closely misses you.
You slice the hobgoblin!!
You kill the hobgoblin!
You closely miss the goblin. Robin throws the goblin at you!
The goblin barely misses you. You block the goblin's attack.
You hit the goblin.
You kill the goblin!
You hit the goblin.
You kill the goblin!
Robin throws the goblin at you!
* * * LOW HITPOINT WARNING * * *
The goblin closely misses you. The goblin barely misses you.
You barely miss the worm. You closely miss the goblin.
You block the goblin's attack.
Robin roars a battlecry!
The goblins go into a battle-frenzy!
The worm closely misses you.
You hear a shout! x2
You hit the worm but do no damage. You miss the goblin.
The goblin hits you but does no damage. You block the worm's attack.
You slash the worm!
The worm is heavily wounded.
You barely miss the goblin. The goblin hits you with a +0 dagger.
You die...

##.# #. .g. #.# #.# ##. .g.
#.# #.###.. #g# #.# #.##.#.
#g. #.# ##.#.##. #g# #.#
#....... #.#
#.#######.#.....
#######.####.#.......#.....
........gw@g.........#.....
###....)g###........#####..
........(# ###.##....#....#
###.####.# #.#####.#.#### #
#.# #.# #.#.# # #.# #.#
#...# # #.# ..# ##†## ##
#.# ### #.####. #.....#


You could see a worm, Robin, a hobgoblin (strong) and a goblin (strong).

Vanquished Creatures
  2 adders (D:2)
  A dart slug (D:2)
  4 ball pythons
  3 endoplasms (D:1)
  2 giant cockroaches
  7 goblins
  4 hobgoblins
  2 kobolds (D:1)
  A quokka (D:1)
  2 bats
  2 frilled lizards (D:1)
  A rat (D:1)
31 creatures vanquished.

Vanquished Creatures (others)
  11 plants (D:2)
11 creatures vanquished.

Grand Total: 42 creatures vanquished

Notes
Turn   | Place    | Note
-------+----------+-------------------------------------------
     0 | D:1      | p00ps00p the Hill Orc Fighter began the quest for the Orb.
     0 | D:1      | Reached XP level 1. HP: 19/19 MP: 1/1
   198 | D:1      | Reached XP level 2. HP: 25/27 MP: 2/2
   289 | D:1      | Found Issuem Rese's General Store.
   972 | D:1      | Reached skill level 4 in Fighting
  1126 | D:2      | Reached XP level 3. HP: 30/33 MP: 3/3
  1362 | D:2      | Noticed Robin
  1389 | D:2      | Slain by a goblin

Illustrated notes

Levels and vault maps discovered:
D:1:      heliophobic_arrival_enchanted_forest, layout_loops_corners,
          serial_shops, nicolae_shop_window_shopping, serial_park_tiny_pond
D:2:      layout_loops_ring, nicolae_grassy_gnolls, uniq_robin

Skill      XL: |  1  2 |
---------------+-------+-----
Axes           | 3 |  3.5
Fighting       | 4 |  4.2
Armour         | |  3.8
Shields        | |  3.9

Action                   || total
-------------------------++-------
Melee: War axe           ||    83
  Use: Potion            ||     1
Armor: Scale mail        ||    73
Dodge: Dodged            ||    72
Block: Buckler           ||    27
